 Dungeon Crawl Stone Soup version 0.31-a0-746-ge8284cb111 (webtiles) character file.

Game seed: 17172528554683902790

3856 CrazyBamboolord the Fighter (level 10, -3/77 HPs)
             Began as a Djinni Earth Elementalist on Sept 14, 2023.
             Slain by a wolf (7 damage)
             ... led by Grum
             ... on level 9 of the Dungeon.
             The game lasted 00:18:02 (7203 turns).

CrazyBamboolord the Fighter (DjEE)                  Turns: 7203, Time: 00:18:03

Health: -3/77      AC:  4    Str:  7    XL:     10   Next: 41%
Gold:   392        EV: 15    Int: 22    God:
                   SH:  0    Dex: 13

rFire   + + .        u - +0 dagger (venom)
rCold   x . .        (no shield)
rNeg    + . .        r - +1 robe {rN+}
rPois   ∞            (no helmet)
rElec   .            C - +0 cloak
rCorr   .            (no gloves)
SInv    +            (boots unavailable)
Will    +....        (no amulet)
Stlth   +++          B - ring of see invisible
HPRegen 0.32/turn    (no ring)
MPRegen 0.00/turn

%: infuse magic (-4 HP)
@: about to teleport, flying
A: sickness immunity, fire resistance 2, cold vulnerability 1, float, innate
caster, HP casting, extra vitality 1
a: no special abilities


You were on level 9 of the Dungeon.
You visited 2 branches of the dungeon, and saw 10 of its levels.

You collected 546 gold pieces.
You spent 154 gold pieces at shops.

Inventory:

Hand Weapons
 u - a +0 dagger of venom (weapon)
Missiles
 m - a throwing net
Armour
 r - a +1 robe of positive energy (worn)
 t - an orb of mayhem
 C - a +0 cloak (worn)
Jewellery
 B - a ring of see invisible (left hand)
Wands
 q - a wand of mindburst (1)
 D - a wand of polymorph (5)
Scrolls
 a - 3 scrolls of poison
 b - a scroll of enchant armour
 c - 3 scrolls of blinking
 d - 2 scrolls of revelation
 e - 2 scrolls of teleportation
 g - 2 scrolls of noise {unknown}
 k - a scroll of brand weapon {unknown}
 o - 3 scrolls of fog {unknown}
 p - 2 scrolls of vulnerability {unknown}
 y - a scroll of immolation {unknown}
 A - a scroll of acquirement {unknown}
Potions
 f - a potion of attraction
 h - a potion of lignification {unknown}
 i - a potion of cancellation {unknown}
 j - a potion of enlightenment {unknown}
 l - 2 potions of invisibility
 n - a potion of magic {unknown}
 s - a potion of haste {unknown}
 v - 2 potions of mutation {unknown}
 w - 7 potions of curing
 x - 4 potions of heal wounds
 z - 2 potions of resistance {unknown}


   Skills:
 * Level 8.9 Fighting
 + Level 7.1 Dodging
 + Level 4.2 Stealth
 * Level 6.8 Spellcasting
 * Level 6.8 Conjurations
 * Level 6.8 Hexes
   Level 0.0 Charms
 * Level 6.8 Summonings
 * Level 6.8 Necromancy
 * Level 6.8 Translocations
 * Level 6.8 Transmutations
 * Level 6.8 Fire Magic
 * Level 6.8 Ice Magic
 * Level 6.8 Air Magic
 * Level 6.8 Earth Magic
 * Level 6.8 Poison Magic


You knew the following spells:

 Your Spells              Type           Power      Damage    Failure   Level
a - Sandblast             Erth           74%        2d16      1%          1
b - Passwall              Tmut/Erth      30%        N/A       1%          2
c - Stone Arrow           Conj/Erth      74%        3d11      1%          3
d - Petrify               Tmut/Erth      37%        N/A       4%          4
e - Foxfire               Conj/Fire      100%       2x1d9     1%          1
f - Scorch                Fire           74%        2d8       1%          2
g - Inner Flame           Hex/Fire       37%        N/A       1%          3
h - Mephitic Cloud        Conj/Pois/Air  37%        N/A       1%          3
Your spell library was empty.

Dungeon Overview and Level Annotations

Branches:
Dungeon (9/15)             Temple (1/1) D:4
   Lair: D:8-11         Orc: D:9-12

Altars:
Ashenzari
Dithmenos
Elyvilon
Fedhas
Hepliaklqana
Nemelex Xobeh
Okawaru
Qazlal
Ru
Trog
Uskayaw
Wu Jian
Xom
Yredelemnul
Zin
The Shining One

Shops:
D:2 (   D:4 !


Innate Abilities, Weirdness & Mutations

You are immune to sickness and miasma.
You are immune to poison.
Your flesh is very heat resistant. (rF++)
You are vulnerable to cold. (rC-)
You float through the air rather than walking.
You learn spells naturally, not from books.
Your magical power is your life essence.
You have superior vitality. (+4 MHP)


Message History

The kobold throws a stone.
The stone hits you but does no damage.
Things that are here:
a -2 spear of flaming; a +0 animal skin
Casting: Stone Arrow (safe; 1% risk of failure)
Confirm with . or Enter, or press ? or * to list all spells.
Okay, then.
There are no items here.
There are no items here.
Unknown command.
Aiming: Stone Arrow (safe; 1% risk of failure)
Press: ? - help, Q - select action, (/) - cycle Shift-Dir - straight line, f - wolf
Aim: a wolf (57% to hit)
The stone arrow misses the wolf.
The wolf bites you.
Unknown command.
Aiming: Stone Arrow (safe; 1% risk of failure)
Press: ? - help, Q - select action, (/) - cycle Shift-Dir - straight line, f/p - wolf
Aim: a wolf (57% to hit)
The stone arrow hits the wolf!
The wolf is heavily wounded.
The wolf misses you. The wolf bites you!
Aiming: Stone Arrow (safe; 1% risk of failure)
Press: ? - help, Q - select action, (/) - cycle Shift-Dir - straight line, f/p - wolf
Aim: a wolf (heavily wounded, 57% to hit)
The stone arrow misses the wolf.
The wolf barely misses you. The wolf bites you.
* * * LOW HITPOINT WARNING * * *
Okay, then.
As you read the scroll of teleportation, it crumbles to dust.
You feel strangely unstable. The wolf barely misses you.
Unknown command.
The wolf bites you.
* * * LOW HITPOINT WARNING * * *
The wolf attacks as it pursues you! The wolf bites you!
* * * LOW HITPOINT WARNING * * *
The wolf bites you.
* * * LOW HITPOINT WARNING * * *
Unknown command.
The wolf attacks as it pursues you! The wolf bites you!
You die...

⌠...⌠...⌠......
...............
......†.K......
..⌠...)K.......
.......K#######
....#..†K.....#
. #.........#
#.....h...#
#......@..#
#........##
#........#
#........#
#........#
#........#
#........#
#........#
###......#....#


You could see a kobold brigand, a wolf and 2 kobolds.

Vanquished Creatures
  A two-headed ogre (D:9)
  A wraith (D:9)
  Grum (D:9)
  An acid dragon (D:8)
  3 orc warriors
  2 ice beasts
  A sky beast (D:6)
  2 wolves (D:9)
  2 ogres (D:5)
  A centaur (D:9)
  A phantom (D:5)
  3 bullfrogs
  4 kobold brigands
  A scorpion (D:5)
  3 howler monkeys (D:9)
  An electric eel (D:8)
  5 hounds
  6 jellies
  4 orc priests
  3 gnoll boudas
  A sleepcap (D:7)
  Terence (D:3)
  6 iguanas
  4 orc wizards
  12 gnolls
  6 adders
  A shadow imp (D:6)
  A white imp (D:7)
  2 ufetubi
  2 worms
  4 dart slugs
  19 orcs
  13 endoplasms
  3 giant cockroaches
  5 goblins
  6 hobgoblins
  2 jackals (D:2)
  4 quokkas (D:1)
  15 ball pythons
  7 bats
  4 frilled lizards
  28 kobolds
  8 rats
200 creatures vanquished.

Vanquished Creatures (others)
  71 foxfires
71 creatures vanquished.

Grand Total: 271 creatures vanquished

Notes
Turn   | Place    | Note
-------+----------+-------------------------------------------
     0 | D:1      | CrazyBamboolord the Djinni Earth Elementalist began the
                  | quest for the Orb.
     0 | D:1      | CrazyBamboolord set off with the following spells
                  | memorised: Sandblast, Passwall, Stone Arrow, Petrify.
     0 | D:1      | Reached XP level 1. HP: 15/15 MP: 0/0
    23 | D:1      | You are sucked into a shaft and drop 1 floor!
   102 | D:1      | Reached XP level 2. HP: 13/22 MP: 0/0
   211 | D:1      | Reached skill level 1 in Fighting
   310 | D:1      | Reached XP level 3. HP: 26/27 MP: 0/0
   310 | D:1      | Learned a level 1 spell: Foxfire
   343 | D:1      | Found a faded altar of an unknown god.
  1034 | D:2      | Reached skill level 2 in Fighting
  1034 | D:2      | Reached XP level 4. HP: 19/33 MP: 0/0
  1462 | D:2      | Found Naejaewi's Weapon Shop.
  1484 | D:2      | Reached XP level 5. HP: 38/39 MP: 0/0
  1484 | D:2      | Learned a level 2 spell: Scorch
  1756 | D:3      | Noticed Terence
  1761 | D:3      | Killed Terence
  1854 | D:3      | Reached skill level 3 in Fighting
  2124 | D:3      | Found a sparkling altar of Nemelex Xobeh.
  2250 | D:3      | Reached XP level 6. HP: 46/46 MP: 0/0
  2977 | D:4      | Found Sattuing's Distillery.
  2984 | D:4      | Bought a potion of curing for 33 gold pieces
  2984 | D:4      | Bought 2 potions of curing for 66 gold pieces
  2984 | D:4      | Bought a potion of heal wounds for 55 gold pieces
  3074 | D:4      | Reached skill level 4 in Fighting
  3074 | D:4      | Reached XP level 7. HP: 32/52 MP: 0/0
  3074 | D:4      | Learned a level 3 spell: Inner Flame
  3159 | D:4      | Found a staircase to the Ecumenical Temple.
  3175 | Temple   | Entered the Ecumenical Temple
  3447 | D:5      | Entered Level 5 of the Dungeon
  3671 | D:5      | Found a shadowy altar of Dithmenos.
  3741 | D:5      | Reached skill level 5 in Fighting
  3741 | D:5      | Reached XP level 8. HP: 53/59 MP: 0/0
  3975 | D:5      | Reached skill level 5 in Spellcasting
  3975 | D:5      | Reached skill level 5 in Conjurations
  3975 | D:5      | Reached skill level 5 in Hexes
  3975 | D:5      | Reached skill level 5 in Summonings
  3975 | D:5      | Reached skill level 5 in Necromancy
  3975 | D:5      | Reached skill level 5 in Translocations
  3975 | D:5      | Reached skill level 5 in Transmutations
  3975 | D:5      | Reached skill level 5 in Fire Magic
  3975 | D:5      | Reached skill level 5 in Ice Magic
  3975 | D:5      | Reached skill level 5 in Air Magic
  3975 | D:5      | Reached skill level 5 in Earth Magic
  3975 | D:5      | Reached skill level 5 in Poison Magic
  4268 | D:6      | Reached skill level 6 in Fighting
  4268 | D:6      | Reached skill level 5 in Dodging
  4685 | D:7      | Reached XP level 9. HP: 67/67 MP: 0/0
  4685 | D:7      | Learned a level 3 spell: Mephitic Cloud
  4763 | D:7      | Found a hide-covered altar of Uskayaw.
  4911 | D:7      | Reached skill level 7 in Fighting
  6941 | D:9      | Reached skill level 8 in Fighting
  7076 | D:9      | Reached XP level 10. HP: 62/76 MP: 0/0
  7125 | D:9      | Noticed a two-headed ogre
  7130 | D:9      | Killed a two-headed ogre
  7178 | D:9      | Noticed Grum
  7182 | D:9      | Killed Grum
  7203 | D:9      | Slain by a wolf

Illustrated notes

Levels and vault maps discovered:
D:1:      eino_arrival_cavern_c, layout_loops_ring, basic_ecumenical_altar,
          nrook_campfire
D:2:      layout_basic, serial_shops, nicolae_shop_waterfront
D:3:      cheibrodos_fertilizer, layout_basic, nemelex_diamond_rough_becter,
          serial_bayou_pond_e, uniq_terence
D:4:      layout_basic, minmay_temple_entry_proselytizer, serial_shops, shop
D:5:      minmay_angry_zag, layout_rooms, mainiacjoe_overflow_small_starburst
D:6:      layout_rooms
D:7:      layout_cave_pools, mainiacjoe_overflow_cross_hatched,
          minmay_misc_feat_cross, dk_noncrumbling_2
D:8:      layout_rooms, serial_aquarium, aquarium_bridge_square
          [aquarium_subvault_bridge, aquarium_subvault_balcony,
          aquarium_subvault_bridge, aquarium_subvault_balcony],
          aquarium_window_fake, aquarium_window_2, aquarium_window_3,
          aquarium_window_fake, aquarium_view_2f, aquarium_pool_S,
          dreamdust_princess_bridge, minmay_misc_feat_x
D:9:      layout_irregular_city, kennysheep_doodads, uniq_grum
Temple:   eino_narrow_crystal_temple

Skill      XL: |  1  2  3  4  5  6  7  8  9 10 |
---------------+-------------------------------+-----
Spellcasting   | 4 5 6 |  6.8
Conjurations   | 4 5 6 |  6.8
Hexes          | 4 5 6 |  6.8
Summonings     | 4 5 6 |  6.8
Necromancy     | 4 5 6 |  6.8
Translocations | 4 5 6 |  6.8
Transmutations | 4 5 6 |  6.8
Fire Magic     | 4 5 6 |  6.8
Ice Magic      | 4 5 6 |  6.8
Air Magic      | 4 5 6 |  6.8
Earth Magic    | 4 5 6 |  6.8
Poison Magic   | 4 5 6 |  6.8
Fighting       | 1 2 3 4 5 6 8 |  8.9
Dodging        | 3 4 5 6 7 |  7.1
Stealth        | 3 4 |  4.2

Action                     |  1- 3 |  4- 6 |  7- 9 | 10-12 || total
---------------------------+-------+-------+-------+-------++-------
  Melee: Dagger            |       |       |    27 |       ||    27
         Punch             |       |       |     2 |       ||     2
   Cast: Sandblast         |    50 |    98 |    45 |       ||   193
         Foxfire           |       |     4 |    35 |     3 ||    42
         Scorch            |       |     1 |    17 |       ||    18
         Inner Flame       |       |       |    12 |     3 ||    15
         Petrify           |       |       |     6 |       ||     6
         Stone Arrow       |       |       |    61 |    16 ||    77
         Mephitic Cloud    |       |       |     3 |       ||     3
         Passwall          |       |       |     2 |       ||     2
    Use: Scroll            |       |     5 |     4 |     1 ||    10
   Stab: Petrified         |       |       |    22 |       ||    22
         Petrifying        |       |       |     1 |       ||     1
 Armour: Robe              |    14 |    20 |    40 |     8 ||    82
  Dodge: Dodged            |    19 |    35 |    36 |     4 ||    94

Table legend: (Time is in decaauts)
 A = Elapsed time spent in this place.
 B = Non-inter-level travel time spent in this place.
 C = Inter-level travel time spent in this place.
 D = Time resting spent in this place.
 E = Time spent auto-exploring this place.
 F = Levels seen in this place.
 G = Mean time per level.
                   A        B        C        D        E       F      G
               +--------+--------+--------+--------+--------+-----+--------+
         Total |   7298 |   7021 |    277 |    493 |   5407 |  10 |  729.8 |
       Dungeon |   7296 |   7019 |    277 |    493 |   5407 |   9 |  810.7 |
        Temple |      1 |      1 |      0 |      0 |      0 |   1 |    1.0 |
               +--------+--------+--------+--------+--------+-----+--------+

Top non-repeatable levels by time:
     D:8: 1160 daAuts
     D:3: 1130 daAuts
     D:7: 1103 daAuts
     D:1: 908 daAuts
     D:2: 848 daAuts
     D:5: 687 daAuts
     D:4: 633 daAuts
     D:6: 560 daAuts
     D:9: 263 daAuts
  Temple: 1 daAuts
